 Dungeon Crawl Stone Soup version 0.23-a0-643-g9ccc95a (webtiles) character file.

58 Amnesiac the Ducker (level 3, -5/19 HPs)
             Began as a Spriggan Berserker on Jan 1, 2019.
             Was a Believer of Trog.
             Slain by a worm (10 damage)
             ... on level 2 of the Dungeon.
             The game lasted 00:01:47 (1199 turns).

Amnesiac the Ducker (Spriggan Berserker)            Turns: 1199, Time: 00:01:48

Health: -5/19      AC:  4    Str: 14    XL:     3   Next: 75%
Magic:  4/4        EV: 19    Int:  8    God:    Trog [**....]
Gold:   51         SH:  5    Dex: 15    Spells: 2/2 levels left

rFire    . . .     SeeInvis +   a - +0 falchion
rCold    . . .     Gourm    .   l - +0 buckler
rNeg     . . .     Faith    .   b - +0 animal skin
rPois    .         Spirit   .   g - +2 hat
rElec    .         Reflect  .   (no cloak)
rCorr    .         Harm     .   (gloves unavailable)
MR       .....                  (boots unavailable)
Stlth    +.........             (no amulet)
HPRegen  0.06/turn              (no ring)
MPRegen  0.09/turn              (no ring)

@: very quick
A: very small, unfitting armour, see invisible, herbivore, speed 3, slow
metabolism 2
a: Berserk, Trog's Hand, Renounce Religion


You were on level 2 of the Dungeon.
You worshipped Trog.
Trog was pleased with you.
You were not hungry.

You visited 1 branch of the dungeon, and saw 2 of its levels.

You collected 51 gold pieces.

Inventory:

Hand Weapons
 a - a +0 falchion (weapon)
Armour
 b - a +0 animal skin (worn)
 g - a +2 hat (worn)
 l - a +0 buckler (worn)
Scrolls
 d - a scroll of immolation {!r, unknown}
 e - a scroll of blinking {!r, unknown}
 f - a scroll of remove curse {!r, unknown}
 k - 2 scrolls of enchant armour {!r, unknown}
Potions
 h - a potion of agility {!q, unknown}
 i - a potion of ambrosia {!q, unknown}
 j - a potion of curing {!q}
 m - a potion of brilliance {!q, unknown}
Comestibles
 c - 5 rations


   Skills:
 + Level 2.8 Fighting
 * Level 3.2 Long Blades
 + Level 5.1 Dodging
 + Level 0.0 Shields


You had 2 spell levels left.
You didn't know any spells.
Your spell library was empty.

Dungeon Overview and Level Annotations

Branches:
Dungeon (2/15)

Altars:

Annotations:
D:2 1 runed door


Innate Abilities, Weirdness & Mutations

You are very small and have problems with some larger weapons.
You are too small for most types of armour.
You have supernaturally acute eyesight. (SInv)
You are a herbivore.
You cover ground extremely quickly.
You need to consume almost no food.


Message History

The adder is moderately wounded.
You slash the adder!
The adder is almost dead.
The adder closely misses you. The adder misses you.
You miss the adder.
The adder is almost dead.
The adder misses you.
You slash the adder!
You kill the adder!
Trog accepts your kill.
You now have 47 gold pieces (gained 8).
You now have 51 gold pieces (gained 4).
You open the door.
There is an open door here.
Key pressed, stopping explore.
No target in view!
You open the door.
A bat comes into view.
The bat misses you.
A bat is nearby!
You slash the bat!
You kill the bat!
Trog accepts your kill.
k - 2 scrolls labeled QULIKK IROFUIT {!r} (gained 1)
m - a glowing red potion {!q} No target in view!
No target in view!
No target in view!
You open the door.
Found a runed door.
No target in view!
There is an open door here.
A rat comes into view.
A rat is nearby!
A rat is nearby!
A rat is nearby!
You block the rat's attack.
You hit the rat.
You kill the rat!
Trog accepts your kill.
No target in view!
No target in view!
You see here a rat corpse.
You see here an adder corpse.
You see here 23 stones.
Key pressed, stopping explore.
No target in view!
c - 5 rations (gained 1)
Found 26 arrows.
Found a scroll labeled TUGOPH PA NACW.
A worm is nearby!
A worm is nearby!
The worm bites you!
You hit the worm.
The worm is lightly wounded.
The worm bites you!
* * * LOW HITPOINT WARNING * * *
You hit the worm.
The worm is moderately wounded.
You hit the worm.
The worm is heavily wounded.
The worm bites you!
Ouch! That really hurt!
You die...

### #.### #..(#
###############.#.###.#.##
....................... ..
###############.#####.# ..
#?@w# # #.#g #####
#.#.#S## .#......#
.......w# #.<# #..# #..#
...g #.#.#


You could see a worm.

Vanquished Creatures
  2 adders (D:2)
  2 leopard geckos
  7 bats
  A giant cockroach (D:1)
  5 goblins
  8 hobgoblins
  A frilled lizard (D:2)
  3 kobolds
  7 rats
36 creatures vanquished.

Notes
Turn   | Place    | Note
-------+----------+-------------------------------------------
     0 | D:1      | Amnesiac the Spriggan Berserker began the quest for the
                  | Orb.
     0 | D:1      | Reached XP level 1. HP: 11/11 MP: 2/2
   177 | D:1      | Reached XP level 2. HP: 12/16 MP: 3/3
   631 | D:2      | Reached ** piety under Trog
   643 | D:2      | Reached XP level 3. HP: 17/19 MP: 4/4
   751 | D:2      | Reached skill level 5 in Dodging
  1124 | D:2      | Found a runed door.
  1199 | D:2      | Slain by a worm

Vault maps used:
D:1:      onia_arrival_pentagram, fountainhead
D:2:      first_ration, minmay_misc_feat_iff, uniq_crazy_yiuf_cottage

Skill      XL: |  1  2  3 |
---------------+----------+-----
Long Blades    | 3 |  3.2
Dodging        | 5 |  5.1
Fighting       | |  2.8

Action                   || total
-------------------------++-------
Melee: Falchion          ||    91
Invok: Berserk           ||     1
  Use: Potion            ||     1
 Stab: Sleeping          ||     3
Armor: Animal skin       ||     7
Dodge: Dodged            ||    80
Block: Buckler           ||     6
       Rpst.: Falchion   ||    21

Table legend:
 A = Non-vault XP
 B = Vault XP
 C = Vault XP percentage of total XP
 D = Non-vault monster count
 E = Vault monster count
 F = Vault count percentage of total count
                 A         B        C        D         E       F
            +---------+---------+-------+---------+---------+-------
      Total |      83 |       0 |   0.0 |      36 |       0 |   0.0
            +---------+---------+-------+---------+---------+-------
        D:1 |      38 |       0 |   0.0 |      23 |       0 |   0.0
        D:2 |      45 |       0 |   0.0 |      13 |       0 |   0.0
            +---------+---------+-------+---------+---------+-------
